 Dungeon Crawl Stone Soup version 0.30-a0-757-ga6a79fd877 (webtiles) character file.

Game seed: 13559872820315728976

106 BlueFish the Sneak (level 4, -4/31 (32) HPs)
             Began as a Vampire Enchanter on Feb 9, 2023.
             Slain by Blork the orc
             ... wielding a +0 battleaxe
              (9 damage)
             ... on level 4 of the Dungeon.
             The game lasted 00:04:53 (2675 turns).

BlueFish the Sneak (Vampire Enchanter)              Turns: 2675, Time: 00:04:54

HP:   -4/31 (32)    AC:  5    Str:  7    XL:     4   Next: 55%
MP:   3/16          EV: 13    Int: 19    God:
Gold: 197           SH:  0    Dex: 14    Spells: 2/7 levels left

rFire   . . .      SeeInvis +    u - +2 short sword (drain)
rCold   . . .      Faith    .    (no shield)
rNeg    . . .      Spirit   .    b - +0 robe
rPois   .          Reflect  .    (no helmet)
rElec   .          Harm     .    o - +0 cloak
rCorr   .          Rampage  .    l - +0 pair of gloves
Will    .....                    t - +0 pair of boots
Stlth   +++                      (no amulet)
HPRegen 0.45/turn                j - ring of flight
MPRegen 0.15/turn                s - ring of magical power

@: flying, healing quickly, lightly drained
A: alive, fangs 3, see invisible, vampiric 2
a: Exsanguinate


You were on level 4 of the Dungeon.
You visited 1 branch of the dungeon, and saw 4 of its levels.

You collected 197 gold pieces.

Inventory:

Hand Weapons
 a - a +1 dagger
 f - a +0 short sword
 u - a +2 short sword of draining (weapon)
Armour
 b - a +0 robe (worn)
 l - a +0 pair of gloves (worn)
 o - a +0 cloak (worn)
 t - a +0 pair of boots (worn)
Jewellery
 j - a ring of flight (left hand)
 m - a ring of protection from fire
 s - a ring of magical power (right hand)
Wands
 r - a wand of polymorph (14)
Scrolls
 d - a scroll of teleportation {unknown}
 e - 2 scrolls of brand weapon {unknown}
 g - a scroll of vulnerability {unknown}
 i - 2 scrolls of fear
 q - a scroll of enchant weapon {unknown}
Potions
 c - 3 potions of invisibility
 h - a potion of lignification
 k - 2 potions of heal wounds
 n - 3 potions of brilliance
 p - a potion of curing {unknown}


   Skills:
 + Level 1.0 Fighting
 + Level 2.0 Short Blades
 + Level 1.0 Armour
 + Level 2.9 Dodging
 + Level 5.2 Stealth
 + Level 2.4 Spellcasting
 + Level 5.1 Hexes


You had 2 spell levels left.
You knew the following spells:

 Your Spells              Type           Power      Damage    Failure   Level
a - Ensorcelled Hibernat  Hex/Ice        22%        N/A       9%          2
b - Confusing Touch       Hex            21%        N/A       6%          3

Your spell library contained the following spells:

 Spells                   Type           Power      Damage    Failure   Level
 Tukima's Dance           Hex            21%        N/A       6%          3
 Dazzling Flash           Conj/Hex       22%        N/A       17%         3


Dungeon Overview and Level Annotations

Branches:
Dungeon (4/15)
 Temple: D:4-7

Altars:

Shops:
D:2 (

Annotations:
D:4 Blork the orc


Innate Abilities, Weirdness & Mutations

Your natural rate of healing is accelerated.
You have razor-sharp teeth.
You have supernaturally acute eyesight. (SInv)
You are afflicted with vampirism and can become a bat while bloodless.


Message History

Blork the orc hits you with a +0 battleaxe!
Casting: Ensorcelled Hibernation (safe; 9% risk of failure)
Confirm with . or Enter, or press ? or * to list all spells.
Aiming: Ensorcelled Hibernation (safe; 9% risk of failure)
Press: ? - help, Shift-Dir - straight line, f/p - Blork the orc
Aim: Blork the orc, wielding a +0 battleaxe and wearing a +0 robe (chance to affect: 45%) Blork the orc resists with some effort.
Blork the orc closely misses you.
Casting: Ensorcelled Hibernation (safe; 9% risk of failure)
Confirm with . or Enter, or press ? or * to list all spells.
Aiming: Ensorcelled Hibernation (safe; 9% risk of failure)
Press: ? - help, Shift-Dir - straight line, f/p - Blork the orc
Aim: Blork the orc, wielding a +0 battleaxe and wearing a +0 robe (chance to affect: 45%) Blork the orc resists with some effort.
Blork the orc points at you and mumbles some strange words.
The magic dart hits you but does no damage.
Casting: Ensorcelled Hibernation (safe; 9% risk of failure)
Confirm with . or Enter, or press ? or * to list all spells.
Aiming: Ensorcelled Hibernation (safe; 9% risk of failure)
Press: ? - help, Shift-Dir - straight line, f/p - Blork the orc
Aim: Blork the orc, wielding a +0 battleaxe and wearing a +0 robe (chance to affect: 45%) Blork the orc resists with some effort.
Blork the orc closely misses you.
Casting: Ensorcelled Hibernation (safe; 9% risk of failure)
Confirm with . or Enter, or press ? or * to list all spells.
Aiming: Ensorcelled Hibernation (safe; 9% risk of failure)
Press: ? - help, Shift-Dir - straight line, f/p - Blork the orc
Aim: Blork the orc, wielding a +0 battleaxe and wearing a +0 robe (chance to affect: 45%) Blork the orc looks drowsy...
The helpless Blork the orc fails to defend himself.
You impale Blork the orc!! You drain Blork the orc!
Blork the orc is almost dead.
Blork the orc mumbles some strange words.
Blork the orc seems to speed up.
You hit Blork the orc.
Blork the orc is almost dead.
Blork the orc hits you with a +0 battleaxe!
* * * LOW HITPOINT WARNING * * *
You hit Blork the orc but do no damage.
Blork the orc is almost dead.
Blork the orc hits you with a +0 battleaxe!
You die...

#...$$....##o.....$...
+.........'......... #
#.........# #o....##.
#........## #).#....
...#.....## #<.#.# ##...##
##...## . PP ... ##'##
###.....#.. P..#.# #o#
#.......... ..#.## #@#
##....(..#. .... ####.##
##.....### ##.## ###.....##
###..###..#. ##...####...[....#
#....)#..... #.....#..P..)...##
##.........#
#.<.....PP♣.....#####.........#
#......♣♣.♣♣♣.......#.........#
##...#.P♣♣♣♣P♣..####.....#.....
######.P♣ ♣PP..# ###..###..#.


You could see Blork the orc (fast, very drained).

Vanquished Creatures
  4 adders
  A worm (D:2)
  A dart slug (D:1)
  3 orcs
  2 ball pythons
  6 endoplasms
  6 goblins
  7 hobgoblins
  5 quokkas
  8 bats
  8 frilled lizards
  5 kobolds
  3 rats
59 creatures vanquished.

Notes
Turn   | Place    | Note
-------+----------+-------------------------------------------
     0 | D:1      | BlueFish the Vampire Enchanter began the quest for the Orb.
     0 | D:1      | Reached XP level 1. HP: 13/13 MP: 3/3
   274 | D:1      | Reached XP level 2. HP: 20/20 MP: 5/5
   281 | D:1      | Learned a level 2 spell: Ensorcelled Hibernation
   831 | D:2      | Gained mutation: You are afflicted with vampirism and can
                  | become a bat while bloodless. [Vampire growth]
   831 | D:2      | Reached XP level 3. HP: 25/25 MP: 3/6
   835 | D:2      | Learned a level 3 spell: Confusing Touch
  1061 | D:2      | Found Fokk's Antique Weapon Shoppe.
  1222 | D:2      | Reached skill level 5 in Stealth
  1813 | D:3      | Found a faded altar of an unknown god.
  1843 | D:3      | Reached XP level 4. HP: 31/31 MP: 7/7
  1923 | D:3      | Reached skill level 1 in Fighting
  2005 | D:3      | Reached skill level 5 in Hexes
  2033 | D:3      | Identified the +2 scale mail "Utatolog" {rC+++ Dex-5
                  | Slay+6}
  2367 | D:4      | Reached skill level 1 in Armour
  2558 | D:4      | Noticed Blork the orc
  2675 | D:4      | Slain by Blork the orc

Illustrated notes

Levels and vault maps discovered:
D:1:      dpeg_arrival_rooms_b, layout_basic, hangedman_decor_diamond_cutter
D:2:      minmay_evil_eye, layout_loops_cross, serial_shops,
          nicolae_shop_statue_plus
D:3:      layout_loops_corners, shapermc_ecumenical_altar_acropolis
D:4:      nicolae_cairo_tiling_large_dashed, layout_loops_corners,
          serial_forest, infiniplex_forest_clump_double,
          infiniplex_forest_clump_medium, infiniplex_forest_lined_3,
          infiniplex_forest_clump_medium, infiniplex_forest_clump_small,
          serial_shops, nicolae_shop_bloodbath_and_beyond,
          nicolae_shop_clearance, uniq_natasha, uniq_blork_the_orc,
          uniq_crazy_yiuf_cottage

Skill      XL: |  1  2  3  4 |
---------------+-------------+-----
Stealth        | 5 |  5.2
Fighting       | 1 |  1.0
Hexes          | 5 |  5.1
Armour         | 1 |  1.0
Short Blades   | 2 |  2.0
Dodging        | |  2.9
Spellcasting   | |  2.4

Action                     |  1- 3 |  4- 6 || total
---------------------------+-------+-------++-------
  Melee: Dagger            |    79 |    41 ||   120
         Bite              |    10 |     6 ||    16
         Punch             |     2 |     2 ||     4
         Short sword       |       |     4 ||     4
   Cast: Ensorcelled Hiber |     3 |    10 ||    13
    Use: Scroll            |       |     4 ||     4
   Stab: Sleeping          |    20 |    11 ||    31
 Armour: Robe              |     6 |    12 ||    18
  Dodge: Dodged            |    29 |    23 ||    52

Table legend: (Time is in decaauts)
 A = Elapsed time spent in this place.
 B = Non-inter-level travel time spent in this place.
 C = Inter-level travel time spent in this place.
 D = Time resting spent in this place.
 E = Time spent auto-exploring this place.
 F = Levels seen in this place.
 G = Mean time per level.
                   A        B        C        D        E       F      G
               +--------+--------+--------+--------+--------+-----+--------+
         Total |   2663 |   2507 |    156 |      0 |   1999 |   4 |  665.8 |
       Dungeon |   2663 |   2507 |    156 |      0 |   1999 |   4 |  665.8 |
               +--------+--------+--------+--------+--------+-----+--------+

Top non-repeatable levels by time:
     D:2: 811 daAuts
     D:1: 789 daAuts
     D:3: 715 daAuts
     D:4: 346 daAuts
